 Dungeon Crawl Stone Soup version 0.30-a0-728-gc68057be0a (webtiles) character file.

Game seed: 11151011922654858172

49 zinnoa the Grasshopper (level 4, -1/33 HPs)
             Began as a Human Warper on Jan 30, 2023.
             Slain by a goblin
             ... wielding a +0 club
             ... led by Robin
              (2 damage)
             ... on level 2 of the Dungeon.
             The game lasted 00:07:01 (882 turns).

zinnoa the Grasshopper (Human Warper)                Turns: 882, Time: 00:07:02

Health: -1/33      AC:  5    Str: 13    XL:     4   Next: 1%
Magic:  7/7        EV: 11    Int: 19    God:
Gold:   82         SH:  0    Dex: 13    Spells: 5/7 levels left

rFire   . . .      SeeInvis .    a - +0 hand axe
rCold   . . .      Faith    .    (no shield)
rNeg    . . .      Spirit   .    g - +0 ring mail
rPois   .          Reflect  .    (no helmet)
rElec   .          Harm     .    (no cloak)
rCorr   .          Rampage  .    (no gloves)
Will    .....                    (no boots)
Stlth   +                        (no amulet)
HPRegen 0.25/turn                j - +6 ring of intelligence
MPRegen 0.10/turn                (no ring)

@: no status effects
A: no striking features
a: no special abilities


You were on level 2 of the Dungeon.
You visited 1 branch of the dungeon, and saw 2 of its levels.

You collected 82 gold pieces.

Inventory:

Hand Weapons
 a - a +0 hand axe (weapon)
 f - a +2 dagger of draining
 m - a +0 sling
Missiles
 d - 7 boomerangs of dispersal (quivered)
 o - 3 boomerangs
Armour
 b - a +0 leather armour
 g - a +0 ring mail (worn)
Jewellery
 j - a +6 ring of intelligence (left hand)
Scrolls
 c - a scroll of blinking
 e - 4 scrolls of identify {unknown}
 i - 2 scrolls of magic mapping {unknown}
 l - a scroll of teleportation {unknown}
 n - a scroll of fear {unknown}
Potions
 h - a potion of mutation {unknown}
 k - a potion of curing {unknown}


   Skills:
 * Level 2.3 Fighting
 + Level 2.6 Axes
 - Level 1.0 Throwing
 + Level 1.7 Armour
 - Level 2.0 Dodging
 * Level 2.1 Spellcasting
 + Level 3.4 Translocations


You had 5 spell levels left.
You knew the following spells:

 Your Spells              Type           Power      Damage    Failure   Level
a - Blink                 Tloc           30%        N/A       13%         2

Your spell library contained the following spells:

 Spells                   Type           Power      Damage    Failure   Level
 Lesser Beckoning         Tloc           30%        N/A       13%         2
 Teleport Other           Tloc           15%        N/A       26%         3
 Summon Small Mammal      Summ           8%         N/A       34%         1
 Vhi's Electric Charge    Tloc/Air       16%        N/A       45%         3
 Cigotuvi's Dreadful Rot  Necr/Pois/Air  4%         N/A       47%         2
 Poisonous Vapours        Pois/Air       4%         N/A       47%         2
 Manifold Assault         Tloc           15%        N/A       63%         4
 Call Canine Familiar     Summ           2%         N/A       71%         3
 Mephitic Cloud           Conj/Pois/Air  2%         N/A       71%         3
 Summon Guardian Golem    Hex/Summ       2%         N/A       71%         3


Dungeon Overview and Level Annotations

Branches:
Dungeon (2/15)

Altars:

Shops:
D:1 *

Annotations:
D:2 Sigmund


Message History

A goblin comes into view. It is wielding a +0 dagger. x2
The rat bites you but does no damage.
You bump into the rock wall.
The goblin shouts!
You hear a shout! x2
Sigmund hits you with a +0 scythe.
* * * LOW HITPOINT WARNING * * *
A hobgoblin comes into view.
The rat bites you but does no damage.
You miss Sigmund.
Sigmund is heavily wounded.
You barely miss the rat. The rat closely misses you.
A goblin comes into view. It is wielding a +0 dagger.
Sigmund hits you with a +0 scythe.
* * * LOW HITPOINT WARNING * * *
You barely miss Sigmund.
Sigmund is heavily wounded.
You barely miss the goblin.
The goblin shouts!
You hit the rat.
You kill the rat!
You feel less confused.
You hear a shout!
The goblin hits you with a +0 club.
* * * LOW HITPOINT WARNING * * *
Sigmund barely misses you.
You barely miss Sigmund.
Sigmund is heavily wounded.
You hit the goblin. You completely miss Sigmund.
Sigmund is heavily wounded.
You barely miss the goblin. Sigmund closely misses you.
A goblin comes into view. It is wielding a +0 dagger.
The goblin hits you with a +0 club.
* * * LOW HITPOINT WARNING * * *
The goblin hits you with a +0 dagger.
* * * LOW HITPOINT WARNING * * *
The goblin hits you but does no damage.
The goblin moves out of view.
Sigmund gestures at you while chanting. You resist with some effort.
The goblin hits you with a +0 club.
You die...

#####.....##..#..#
...
######......#.......
..
#.......##......##
#.......##......#
#............#.#####
#.......#..#........
#.......#..#........
#.......#..#........
#.......#@...†......
#.......#gg.#...##..
########g@.##......#
#g.## .$..... #g.#
...#@.. g.#. ...#...
#.. . ..## .. #.# .
.. ..


You could see Sigmund, a hobgoblin and 5 goblins.

Vanquished Creatures
  An adder (D:2)
  2 dart slugs (D:1)
  2 endoplasms (D:1)
  A giant cockroach (D:2)
  A goblin (D:1)
  5 hobgoblins
  7 jackals
  A quokka (D:1)
  3 ball pythons (D:1)
  3 bats
  3 kobolds
  3 rats
32 creatures vanquished.

Notes
Turn   | Place    | Note
-------+----------+-------------------------------------------
     0 | D:1      | zinnoa the Human Warper began the quest for the Orb.
     0 | D:1      | Reached XP level 1. HP: 16/16 MP: 3/3
    59 | D:1      | Found a faded altar of an unknown god.
   129 | D:1      | Reached XP level 2. HP: 15/22 MP: 5/5
   300 | D:1      | Learned a level 2 spell: Blink
   425 | D:1      | Reached XP level 3. HP: 23/27 MP: 6/6
   518 | D:1      | Found Qiyleuh's Assorted Antiques.
   835 | D:2      | Reached XP level 4. HP: 23/33 MP: 7/7
   854 | D:2      | Noticed Sigmund
   881 | D:2      | HP: 1/33 [goblin/+0 dagger[Robin] (3)]
   882 | D:2      | Slain by a goblin

Illustrated notes

Levels and vault maps discovered:
D:1:      minmay_arrival_up_and_down, layout_rooms,
          ebering_ecumenical_altar_webs, serial_shops, nicolae_shop_waterfront,
          minmay_tromino_i4
D:2:      layout_rooms, uniq_sigmund, uniq_jessica, uniq_robin

Action                     |  1- 3 |  4- 6 || total
---------------------------+-------+-------++-------
  Melee: Hand axe          |    94 |    10 ||   104
 Armour: Ring mail         |    54 |     6 ||    60
         Leather armour    |     1 |       ||     1
  Dodge: Dodged            |    75 |     7 ||    82

Table legend: (Time is in decaauts)
 A = Elapsed time spent in this place.
 B = Non-inter-level travel time spent in this place.
 C = Inter-level travel time spent in this place.
 D = Time resting spent in this place.
 E = Time spent auto-exploring this place.
 F = Levels seen in this place.
 G = Mean time per level.
                   A        B        C        D        E       F      G
               +--------+--------+--------+--------+--------+-----+--------+
         Total |    900 |    859 |     41 |    109 |    466 |   2 |  450.0 |
       Dungeon |    900 |    859 |     41 |    109 |    466 |   2 |  450.0 |
               +--------+--------+--------+--------+--------+-----+--------+

Top non-repeatable levels by time:
     D:1: 696 daAuts
     D:2: 203 daAuts
